 Dungeon Crawl Stone Soup version 0.27.1 (webtiles) character file.

Game seed: 18186949606089045896

231 nuka the Skirmisher (level 5, 0/48 HPs)
             Began as a Minotaur Berserker on Sept 4, 2021.
             Was a Believer of Trog.
             Slain by a rat (2 damage)
             ... summoned by Eustachio
             ... on level 4 of the Dungeon.
             The game lasted 00:13:49 (2906 turns).

nuka the Skirmisher (Minotaur Berserker)            Turns: 2906, Time: 00:13:49

Health: 0/48       AC:  5    Str: 29      XL:     5   Next: 73%
Magic:  4/4        EV: 11    Int:  4      God:    Trog [**....]
Gold:   162        SH:  2    Dex:  7 (9)  Spells: 4/4 levels left

rFire    . . .     SeeInvis .   a - +0 hand axe
rCold    . . .     Faith    .   k - +0 buckler
rNeg     . . .     Spirit   .   m - +0 ring mail
rPois    .         Reflect  .   (helmet restricted)
rElec    .         Harm     .   (no cloak)
rCorr    .         Rampage  .   (no gloves)
Will     ++...                  (no boots)
Stlth    ..........             (no amulet)
HPRegen  1.16/turn              j - +6 ring of strength
MPRegen  0.09/turn              (no ring)

@: strong-willed, on berserk cooldown, regenerating, slowed, very slow
A: horns 2, retaliatory headbutt
a: Renounce Religion, Berserk, Trog's Hand


You were on level 4 of the Dungeon.
You worshipped Trog.
Trog was pleased with you.
You visited 1 branch of the dungeon, and saw 4 of its levels.

You collected 162 gold pieces.

Inventory:

Hand Weapons
 a - a +0 hand axe (weapon)
Missiles
 q - a throwing net (quivered)
Armour
 b - a +0 animal skin
 k - a +0 buckler (worn)
 m - a +0 ring mail (worn)
Jewellery
 j - a +6 ring of strength (left hand)
Scrolls
 c - 2 scrolls of amnesia {unknown}
 d - a scroll of acquirement {unknown}
 e - a scroll of enchant armour {unknown}
 f - a scroll of torment {unknown}
 g - a scroll of immolation {unknown}
 h - a scroll of blinking {unknown}
 l - a scroll of fear {unknown}
 o - a scroll of fog {unknown}
Potions
 i - a potion of might {unknown}
 n - a potion of flight {unknown}
 p - a potion of resistance {unknown}
 r - 2 potions of attraction {unknown}


   Skills:
 + Level 5.0 Fighting
 + Level 5.0 Axes
 + Level 4.1 Armour
 + Level 3.8 Dodging


You had 4 spell levels left.
You didn't know any spells.
Your spell library was empty.

Dungeon Overview and Level Annotations

Branches:
Dungeon (4/15)
 Temple: D:4-7

Altars:
Nemelex Xobeh

Shops:
D:2 !

Annotations:
D:4 Eustachio, Grinder


Innate Abilities, Weirdness & Mutations

You have a pair of horns on your head.
You reflexively headbutt those who attack you in melee.


Message History

You feel clumsy.
You can move again.
Your skin crawls.
You feel strong-willed. You block the shadow imp's attack.
The rat bites you but does no damage. The quasit misses you.
You furiously retaliate!
You headbutt the quasit. The quasit closely misses you.
The quasit barely misses you.
Eustachio casts a spell.
Eustachio blinks!
The rat bites you.
* * * LOW HITPOINT WARNING * * *
The shadow imp hits you.
* * * LOW HITPOINT WARNING * * *
The quasit barely misses you. You furiously retaliate!
You headbutt the quasit!
The quasit claws you but does no damage. x2
Your shield prevents you from hitting the quasit.
The quasit is almost dead.
You hit the shadow imp. You barely miss the rat. You hit Grinder.
The quasit bites you but does no damage.
The quasit claws you but does no damage. x2
The shadow imp barely misses you. The rat bites you.
* * * LOW HITPOINT WARNING * * *
You block Grinder's attack. You block the quasit's attack.
The quasit claws you.
* * * LOW HITPOINT WARNING * * *
You feel clumsy. The quasit closely misses you. The rat bites you.
* * * LOW HITPOINT WARNING * * *
The shadow imp hits you but does no damage.
Your shield and ring mail prevent you from hitting the quasit.
The quasit is almost dead.
You closely miss Grinder. You hit the rat. You hit the shadow imp.
The quasit barely misses you. The quasit misses you.
The quasit claws you but does no damage.
Grinder closely misses you. You furiously retaliate!
You headbutt Grinder! The quasit bites you.
* * * LOW HITPOINT WARNING * * *
The quasit claws you but does no damage.
The quasit completely misses you. The shadow imp barely misses you.
The rat bites you.
You die...

#.......##...####
#.......###....##
#......#.......#
#.....#......###
#.....###....#
#............#
#.#.#........#
#######........#
#...5@..........#
#...#.5r5..........#
# #..@.?........##
..............#
..............##
#....)...>.....#
.....#.........#
..............##
.>.#........#


You could see Eustachio, Grinder, a quasit (summoned), a shadow imp (summoned)
and a rat (summoned).

Vanquished Creatures
  A phantom (D:4)
  A hound (D:4)
  Jessica (D:2)
  5 adders
  2 orcs
  7 ball pythons
  6 endoplasms
  2 giant cockroaches
  7 goblins
  5 jackals (D:2)
  5 quokkas
  2 bats
  A frilled lizard (D:2)
  A kobold (D:3)
  6 rats
52 creatures vanquished.

Notes
Turn   | Place    | Note
-------+----------+-------------------------------------------
     0 | D:1      | nuka the Minotaur Berserker began the quest for the Orb.
     0 | D:1      | Reached XP level 1. HP: 19/19 MP: 0/0
   547 | D:1      | Reached XP level 2. HP: 27/27 MP: 1/1
  1180 | D:2      | Reached XP level 3. HP: 33/33 MP: 2/2
  1219 | D:2      | Noticed Jessica
  1228 | D:2      | Reached ** piety under Trog
  1231 | D:2      | Killed Jessica
  1232 | D:2      | Reached XP level 4. HP: 41/41 MP: 3/3
  1374 | D:2      | Found Puekkoh's Distillery.
  2026 | D:3      | Found a faded altar of an unknown god.
  2824 | D:4      | Found a sparkling altar of Nemelex Xobeh.
  2876 | D:4      | Noticed a phantom
  2887 | D:4      | Reached XP level 5. HP: 47/47 MP: 4/4
  2889 | D:4      | Killed a phantom
  2890 | D:4      | Reached skill level 5 in Fighting
  2890 | D:4      | Reached skill level 5 in Axes
  2892 | D:4      | Noticed Eustachio
  2894 | D:4      | Noticed Grinder
  2900 | D:4      | Paralysed by Grinder for 4 turns
  2904 | D:4      | HP: 2/48 [shadow imp[Eustachio] (2)]
  2906 | D:4      | Slain by a rat

Illustrated notes

Levels and vault maps discovered:
D:1:      dpeg_arrival_more_subterranean_lakeside_camping, layout_loops_corners,
          minivault_19, grunt_decor_junction
D:2:      layout_basic, serial_shops, shop, uniq_jessica
D:3:      layout_loops_ring, shapermc_ecumenical_altar_mp_urbaneastern
D:4:      layout_cave_pools, lemuel_round_altar,
          nemelex_xobeh_ov_fountains_minmay, portal_sewer_entry_e, st_stairs_14,
          hex_medium, uniq_ijyb, uniq_grinder, uniq_eustachio

Skill      XL: |  1  2  3  4  5 |
---------------+----------------+-----
Fighting       | 4 5 |  5.0
Axes           | 4 5 |  5.0
Armour         | 3 4 |  4.1
Dodging        | 3 |  3.8

Action                   |  1- 3 |  4- 6 || total
-------------------------+-------+-------++-------
Melee: Hand axe          |    47 |    49 ||    96
       Headbutt          |     6 |     6 ||    12
Invok: Berserk           |     2 |     1 ||     3
       Trog's Hand       |       |     2 ||     2
Armor: Animal skin       |     7 |       ||     7
       Ring mail         |       |    43 ||    43
Dodge: Dodged            |    36 |    46 ||    82
Block: Buckler           |       |    13 ||    13
